AoeStats
← tavoo

Arabia

508045823Analyzed
1v1 RM · 13d ago on Sep 20, 2026· 33m 41s· 2 players
Game mode
Random Map
Map size
Tiny (2 player)
Population
200
Speed
Normal
Resources
Standard
Victory
Conquest
Starting age
Dark Age
Ending age
Imperial Age
RankedLock teamsTeams togetherTeam positionsShared explorationLock speedFull tech treeHidden civsTurbo modeCheats
Victory
Defeat
🇲🇽 Georgians · Mexico
1428
+16
🇹🇷 Inca · Türkiye
1431
-16
tavoo
6:54 Loom
9:36 Feudal Age
9:37 Man-at-Arms
10:06 Double-Bit Axe
13:33 Fletching
17:18 Padded Archer Armor
23:39 Castle Age
21:57 Horse Collar
22:40 Bloodlines
23:24 Scale Barding Armor
23:55 Gold Mining
23:42 Crossbowman
25:33 Bodkin Arrow
27:27 Leather Archer Armor
30:38 Wheelbarrow
31:10 Ballistics
arslanb.
6:59 Loom
9:17 Feudal Age
12:00 Double-Bit Axe
16:20 Fletching
18:24 Padded Archer Armor
27:07 Castle Age
27:15 Crossbowman
28:24 Bodkin Arrow
Connection lost

Rejoining the realm…

Still unreachable

The connection could not be restored.

Session expired

The server has moved on; the page needs a fresh start.